 Dungeon Crawl Stone Soup version 0.19-a0-459-gb8ed64d (webtiles) character file.

231 vev the Chopper (level 6, -1/32 HPs)
             Began as a Vine Stalker Fighter on June 2, 2016.
             Killed from afar by an orc wizard (4 damage)
             ... with a puff of frost
             ... on level 3 of the Dungeon.
             The game lasted 00:02:04 (1541 turns).

vev the Chopper (Vine Stalker Fighter)              Turns: 1541, Time: 00:02:05

Health: -1/32      AC:  6    Str: 19    XL:     6   Next: 3%
Magic:  0/7        EV:  7    Int:  8    God:
Gold:   134        SH:  9    Dex: 15    Spells: 0 memorised, 5 levels left

rFire  . . .     SeeInvis .     a - +0 war axe
rCold  . . .     Gourm    .     b - +0 scale mail
rNeg   . . .     Faith    .     c - +0 shield
rPois  .         Spirit   +     (no helmet)
rElec  .         Dismiss  .     (no cloak)
rCorr  .         Reflect  .     (no gloves)
SustAt .         Harm     .     (no boots)
MR     .....                    (no amulet)
Stlth  ..........               (no ring)
                                (no ring)

@: not resistant to hostile enchantments, extremely unstealthy
A: fangs 2, regeneration 2, magic shield, antimagic bite, no device heal 3, rot
immunity
a: no special abilities


You were on level 3 of the Dungeon.
You were hungry.

You visited 1 branch of the dungeon, and saw 3 of its levels.

You collected 134 gold pieces.

Inventory:

Hand Weapons
 a - a +0 war axe (weapon)
Armour
 b - a +0 scale mail (worn)
 c - a +0 shield (worn)
Scrolls
 h - 2 scrolls of identify {unknown}
 j - a scroll of enchant armour {unknown}
 l - a scroll of magic mapping {unknown}
 o - a scroll of remove curse {unknown}
Potions
 d - 2 potions of might
 e - 2 potions of flight {unknown}
 i - a potion of lignification {unknown}
 m - 2 potions of cure mutation {unknown}
 p - 2 potions of degeneration {unknown}
 q - a potion of heal wounds {unknown}
 r - a potion of magic {unknown}
Comestibles
 f - 2 bread rations
 g - 4 slices of pizza
 k - a beef jerky
 n - 5 fruits


   Skills:
 - Level 2.6 Fighting
 + Level 5.5 Axes
 - Level 2.4 Armour
 - Level 2.6 Shields


You had 5 spell levels left.
You didn't know any spells.

Dungeon Overview and Level Annotations

Branches:
Dungeon (3/15)

Altars:


Innate Abilities, Weirdness & Mutations

You have extremely sharp teeth.
You heal very quickly.
When hurt, damage is shared between your health and your magic reserves.
Your bite disrupts and absorbs the magic of your enemies.
Potions and wands cannot restore your health.
You are immune to rotting.


Message History

Unknown command.
There are monsters nearby!
Unknown command.
You are too injured to fight recklessly!
There are monsters nearby!
Unknown command.
You are too injured to fight recklessly!
There are monsters nearby!
You are too injured to fight recklessly!
Unknown command.
You closely miss the orc priest. You bite the orc priest. You drain its power.
You feel invigorated.
The orc priest is lightly wounded.
You barely miss the orc wizard.
The orc wizard is lightly wounded.
The orc priest calls upon Beogh to heal the orc wizard.
The orc wizard's wounds heal themselves!
The orc wizard gestures at you while chanting.
The puff of frost hits you!
You die...

#.###)...#.. #.......#
##......# #.......#
##........ ###.......#
#.(....... #.........#
.#.........
#.........###.#(........
#.............#(........
#....o.oo...###.........
#......@................
#.........#####.<.......
#.........####..........
###.##..###.............
# ##.#...###........
#...### #........
#.................
#....####....##.....#
#.### .##...#)####


You could see an orc priest and 2 orc wizards.

Vanquished Creatures
  2 orc wizards (D:3)
  A worker ant (D:3)
  7 adders
  An ooze (D:3)
  2 worms (D:2)
  6 orcs (D:3)
  9 bats
  3 giant cockroaches
  10 goblins
  4 hobgoblins
  9 jackals
  A ball python (D:3)
  A giant newt (D:1)
  5 kobolds
  9 rats
70 creatures vanquished.

Vanquished Creatures (others)
  A quokka (D:3)
1 creature vanquished.

Grand Total: 71 creatures vanquished

Notes
Turn   | Place    | Note
--------------------------------------------------------------
     0 | D:1      | vev the Vine Stalker Fighter began the quest for the Orb.
     0 | D:1      | Reached XP level 1. HP: 11/11 MP: 2/2
    65 | D:1      | Reached skill level 2 in Axes
   140 | D:1      | Reached XP level 2. HP: 8/16 MP: 3/3
   654 | D:2      | Reached skill level 3 in Axes
   656 | D:2      | Reached XP level 3. HP: 15/19 MP: 1/4
   808 | D:2      | Reached XP level 4. HP: 21/23 MP: 5/5
   974 | D:2      | Reached skill level 4 in Axes
  1181 | D:3      | Reached XP level 5. HP: 5/27 MP: 2/6
  1427 | D:3      | Reached skill level 5 in Axes
  1454 | D:3      | Gained mutation: You heal very quickly. [Vine Stalker growth]
  1454 | D:3      | Reached XP level 6. HP: 16/32 MP: 7/7
  1541 | D:3      | Killed from afar by an orc wizard

Vault maps used:
D:1:      tarquinn_simple_flora_water_b, minivault_5
D:2:      first_bread

Skill      XL: |  1  2  3  4  5 |
---------------+----------------+-----
Axes           | 2 3 4 5 |  5.5
Fighting       | |  2.6
Armour         | |  2.4
Shields        | |  2.6

Action                   |  1- 3 |  4- 6 || total
-------------------------+-------+-------++-------
Melee: War axe           |   115 |    96 ||   211
       Bite              |    27 |    23 ||    50
  Eat: Chunk             |       |     2 ||     2
Armor: Scale mail        |    83 |    48 ||   131
Dodge: Dodged            |    54 |    45 ||    99
Block: Shield            |    83 |    52 ||   135
